[Event "Israel-ch Youth U8-18 2024"]
[Site "Kfar Saba"]
[Date "2024.04.16"]
[Round "1.1"]
[White "Rozen, Eytan"]
[Black "Andreev, Robert"]
[Result "1-0"]
[ECO "D02"]
[WhiteElo "2499"]
[BlackElo "1820"]
[Annotator "TA"]
[PlyCount "47"]
[EventDate "2024.04.10"]
[EventType "swiss"]
[EventCountry "ISR"]
[SourceTitle "playchess.com"]
[Source "ChessBase"]
[SourceQuality "1"]
[TimeControl "5400+30"]

1. d4 Nf6 2. Nf3 d5 3. c3 Bf5 4. Qb3 Qc8 5. Bg5 Nbd7 6. c4 e6 7. Nc3 c6 8. Rc1 {[%emt 0:02:07] The position is equal.} Qb8 9. e3 Bd6 {[%emt 0:01:50] Repels Bf4} 10. Be2 O-O 11. Bh4 a6 12. cxd5 cxd5 13. Bg3 b5 14. O-O Bxg3 15. hxg3 h6 16. Qb4 Rc8 17. Nd2 Qb6 18. a4 bxa4 19. Qa3 Rcb8 20. Nxa4 Qb4 {[%emt 0:01:01][%mdl 8192] [#] This move loses the game for Black.} (20... Qb7 $11) 21. Rc8+ $3 $18 {[%emt 0:00:20][%cal Bc1c8,Bc8a8,Ba8a6][%mdl 544] White is winning.} Kh7 22. Qxb4 Rxb4 23. Rxa8 Rxa4 24. Rxa6 {[%emt 0:00:15] Weighted Error Value: White=0.05 (flawless) /Black=0.39.  Loses game:     	---       	Black=1      OK:         	White=8     	Black=5      Best:        	---       	Black=1      Brilliant:      	White=1     	---} ({Not} 24. Bxa6 g5 25. Nb3 Ra2 $18) 1-0

[Event "Israel-ch Youth U8-18 2024"]
[Site "Kfar Saba"]
[Date "2024.04.16"]
[Round "1.2"]
[White "Gurevich, Hillel"]
[Black "Sokolovsky, Yahli"]
[Result "0-1"]
[ECO "B20"]
[WhiteElo "1832"]
[BlackElo "2490"]
[Annotator "RC"]
[PlyCount "57"]
[EventDate "2024.04.10"]
[EventType "swiss"]
[EventCountry "ISR"]
[SourceTitle "playchess.com"]
[Source "ChessBase"]
[SourceQuality "1"]
[TimeControl "5400+30"]

1. e4 c5 2. c4 Nc6 3. Ne2 e5 4. d3 d6 5. Nbc3 h5 6. f4 g6 7. Be3 Bh6 8. Qd2 Nf6 9. h3 Nd4 10. O-O-O Be6 11. fxe5 Bxe3 12. Qxe3 dxe5 13. Qf2 Nd7 14. Nxd4 cxd4 15. Nd5 Bxd5 16. exd5 h4 17. Re1 Kf8 18. Be2 Kg7 19. g4 Qg5+ 20. Kc2 b5 21. Rhf1 Rhf8 22. b3 a5 23. Rb1 Nc5 24. Bf3 Rab8 25. Be4 Qe7 26. Rg1 bxc4 27. bxc4 Nxe4 28. dxe4 Qa3 29. Kd1 0-1

[Event "Israel-ch Youth U8-18 2024"]
[Site "Kfar Saba"]
[Date "2024.04.16"]
[Round "1.3"]
[White "Levin, Guy"]
[Black "Gilad, Tomer"]
[Result "1-0"]
[ECO "D78"]
[WhiteElo "2451"]
[BlackElo "1797"]
[Annotator "RC"]
[PlyCount "141"]
[EventDate "2024.04.10"]
[EventType "swiss"]
[EventCountry "ISR"]
[SourceTitle "playchess.com"]
[Source "ChessBase"]
[SourceQuality "1"]
[TimeControl "5400+30"]

1. Nf3 g6 2. d4 Bg7 3. g3 Nf6 4. Bg2 O-O 5. O-O d5 6. c4 c6 7. a4 Ne4 8. Nc3 Nxc3 9. bxc3 dxc4 10. a5 Bg4 11. Qa4 e5 12. dxe5 Nd7 13. Ba3 Re8 14. Qxc4 Be6 15. Qf4 Qxa5 16. Bd6 Qxc3 17. Rfc1 Qb2 18. Rab1 Qxe2 19. Rxb7 Qa6 20. Rc7 Rac8 21. Rxc8 Rxc8 22. Nd4 Bd5 23. Bh3 Qb7 24. e6 fxe6 25. Nxe6 Re8 26. Nc7 Re4 27. Qd2 Qb2 28. Qxb2 Bxb2 29. Rb1 Be5 30. Nxd5 Bxd6 31. Nc3 Re7 32. Rd1 Be5 33. Ne4 Nf6 34. Rd8+ Kg7 35. Nc5 Kf7 36. Kg2 Bc7 37. Rc8 Bb6 38. Nd3 Rc7 39. Ne5+ Kg7 40. Ra8 Re7 41. f4 Re8 42. Rxe8 Nxe8 43. Bd7 Nd6 44. Bxc6 Bd4 45. Nd3 a5 46. Kf3 Kf6 47. g4 h6 48. Nc1 Nc4 49. Ke4 Bg1 50. h4 g5 51. Kd3 Nd6 52. fxg5+ hxg5 53. h5 Ke5 54. Ne2 Bc5 55. Nc3 Nf7 56. Bd7 Nh6 57. Ne4 Be7 58. Nc3 Kf4 59. Nd5+ Ke5 60. Nxe7 a4 61. Kc3 Kf6 62. Ng6 Nf7 63. Bxa4 Kg7 64. Kd4 Nh6 65. Bd1 Kf6 66. Ne5 Ke6 67. Bb3+ Kf6 68. Kd5 Ke7 69. Kc6 Kf6 70. Kd6 Kg7 71. Ke7 1-0

[Event "Israel-ch Youth U8-18 2024"]
[Site "Kfar Saba"]
[Date "2024.04.16"]
[Round "1.4"]
[White "Vagman, Roy"]
[Black "Ingel, Mica Bar"]
[Result "1/2-1/2"]
[ECO "C63"]
[WhiteElo "2357"]
[BlackElo "1812"]
[Annotator "TA"]
[PlyCount "238"]
[EventDate "2024.04.10"]
[EventType "swiss"]
[EventCountry "ISR"]
[SourceTitle "playchess.com"]
[Source "ChessBase"]
[SourceQuality "1"]
[TimeControl "5400+30"]

1. e4 e5 2. Nf3 Nc6 3. Bb5 f5 4. Nc3 fxe4 5. Nxe4 Nf6 6. Nxf6+ Qxf6 7. Qe2 Be7 8. Bxc6 bxc6 9. d4 {[%emt 0:00:59] C63: Ruy Lopez: Schliemann/Jaenisch Defence.} Qg6 10. O-O Bb7 $146 ({Predecessor:} 10... d6 11. Qc4 d5 12. Qb3 e4 13. Ne5 Qe6 14. f4 O-O 15. Be3 Bd6 16. Qc3 c5 17. dxc5 Bxe5 18. fxe5 {1-0 Jakovenko,D (2749)-Ali Marandi,C (2540) TUR-chT Ankara 2018 (3.6)}) 11. Nxe5 Qe6 12. Qh5+ g6 13. Qg4 Qxg4 14. Nxg4 O-O-O 15. Re1 Rde8 16. Bh6 Bd8 17. f4 Be7 18. Bg5 Bd8 19. Bxd8 Kxd8 20. g3 d6 21. Kf2 h5 22. Rxe8+ Kxe8 23. Re1+ Kf7 24. Ne3 Bc8 25. h4 Be6 26. Rd1 Rb8 27. b3 Rb7 28. Rd3 Bf5 29. Nxf5 gxf5 30. Rc3 Rb6 31. d5 c5 32. Re3 Rb8 33. Re6 Rh8 34. a3 a5 35. a4 Rh7 36. Ke2 Rg7 37. Rh6 Rxg3 38. Rxh5 Kf6 39. Rh8 Rc3 40. Kd2 Rf3 41. Rf8+ Kg6 42. h5+ Kxh5 43. Rxf5+ Kg4 44. Rf7 Rxf4 45. Rxc7 Rd4+ 46. Kc3 Rxd5 47. Ra7 Kf4 48. Rxa5 Rd1 49. Rb5 Ke4 50. Rb6 Kd5 51. a5 Ra1 52. a6 Ra2 53. Kd3 c4+ 54. bxc4+ Kc5 55. Rb8 Rxa6 56. Rc8+ Kb6 57. Kd4 Ra5 58. Re8 Rh5 59. Rd8 Kc6 60. Kc3 Rh3+ 61. Kb4 Rh2 62. Kb3 Rh3+ 63. c3 Rh1 64. Rc8+ Kb7 65. Rf8 Kc6 66. Rf5 Rh2 67. Rf1 Rg2 68. Ra1 Kb7 69. Ra5 Rh2 70. c5 dxc5 71. Rxc5 Rh3 72. Kb4 Rh4+ 73. Kb5 Rh3 74. Kb4 Rh6 75. Rb5+ Kc7 76. Rc5+ Kb7 77. c4 Rg6 78. Rf5 Rh6 79. Kc5 Kc7 80. Rf7+ Kc8 81. Kb5 Rh5+ 82. c5 Rh6 $1 83. Rf8+ Kc7 84. Rg8 Rf6 85. Ra8 Kb7 86. Rg8 Kc7 87. Rg5 Rh6 88. Rg7+ Kc8 89. Ra7 Kb8 90. Ra4 Rg6 91. Rd4 Kc7 92. Rh4 Rf6 93. Rh7+ Kc8 94. Ra7 Kb8 95. Rd7 Kc8 96. Rd4 Kc7 97. Ra4 Kb7 98. Re4 Kc7 99. Re8 Rh6 100. Rg8 $1 Rf6 101. Rg7+ Kc8 102. Kc4 Rh6 103. Rg5 Kc7 104. Kd5 Rf6 105. Rg7+ Kc8 106. Re7 Rh6 107. Rg7 Rf6 108. Ke5 Rh6 109. Kd4 Rf6 110. Kc4 Rh6 111. Kb5 Rf6 112. Rg8+ Kc7 113. Rg5 Rh6 114. Rg7+ Kc8 115. Ra7 Kb8 116. Rd7 Kc8 117. c6 Rh1 118. Rd4 Rb1+ 119. Kc5 Kc7 1/2-1/2

[Event "Israel-ch Youth U8-18 2024"]
[Site "Kfar Saba"]
[Date "2024.04.16"]
[Round "1.5"]
[White "Friedlich, Eyal"]
[Black "Uritsky, Yonathan"]
[Result "0-1"]
[ECO "E60"]
[WhiteElo "1859"]
[BlackElo "2231"]
[Annotator "TA"]
[PlyCount "128"]
[EventDate "2024.04.10"]
[EventType "swiss"]
[EventCountry "ISR"]
[SourceTitle "playchess.com"]
[Source "ChessBase"]
[SourceQuality "1"]
[TimeControl "5400+30"]

1. Nf3 Nf6 2. g3 g6 3. b3 Bg7 4. Bb2 O-O 5. Bg2 c5 6. c4 Nc6 7. O-O d6 8. d4 cxd4 9. Nxd4 Bd7 10. e4 Qa5 11. Nc3 Nxd4 12. Qxd4 {[%emt 0:01:53] White has an edge.} Bc6 13. Qd3 (13. Nd5 $5 Nh5 14. Bc3 (14. Nxe7+ Kh8 $15) 14... Qxc3 15. Qxc3 Bxc3 16. Nxc3 $11) 13... Nd7 14. Rab1 a6 15. Rfd1 b5 16. Nd5 Bxd5 (16... Qxa2 $2 17. Nxe7+ Kh8 18. Bxg7+ (18. Nxc6 Bxb2 19. Qd2 bxc4 $18) 18... Kxg7 19. Qxd6 $18 (19. Nxc6 Ne5 $18)) 17. Qxd5 Bxb2 18. Rxb2 Nb6 (18... Rac8 $11) 19. Qb7 Rfe8 {[%emt 0:00:00] [#]} 20. e5 $1 Rab8 {[%emt 0:00:00] Black is weak on the light squares} (20... bxc4 21. exd6) 21. Qa7 dxe5 (21... Qc3 $11 {keeps the balance.} 22. Re2 bxc4) 22. c5 (22. Bc6 $16 {aiming for c5.} Rf8 23. cxb5 (23. Qxe7 bxc4 24. bxc4 Nc8 $11)) 22... Qc3 $11 23. Rbd2 Qxc5 24. Qxa6 f5 25. a4 $36 {[%emt 0:04:05][%mdl 2048] White has good play.} bxa4 26. bxa4 {[%emt 0:01:25][%cal Bb3a4,Ba4a5][%mdl 32] Hoping for a5.} e4 27. a5 $1 Na4 28. Qe6+ Kf8 29. Bf1 Qxa5 {[%emt 0:00:00] [#]} (29... Nc3 $11 30. Ra1 Nb5) 30. Bc4 $1 $18 Kg7 {[%emt 0:00:00] [#] And now ...Kh6 would win.} 31. Rd5 $2 (31. Rd7 $1 $16 Kh6 32. Rxe7 Rxe7 33. Qxe7) 31... Qb6 $19 32. Qe5+ Qf6 33. Bb5 Qxe5 34. Rxe5 {[%emt 0:00:08] [#]} Rxb5 35. Rxb5 {[%emt 0:00:09][%mdl 4096] Endgame. KRR-KRN} Nc3 $1 36. Rbd5 Nxd1 37. Rxd1 {[%emt 0:00:06] KR-KR} Ra8 38. Rd7 Kf6 39. h3 $2 (39. h4 {is the only way for White.}) 39... Ra1+ 40. Kg2 Ra2 41. Kf1 h5 42. h4 e6 43. Rb7 Rd2 44. Ra7 g5 45. hxg5+ Kxg5 46. Rg7+ Kf6 47. Rh7 Kg6 48. Re7 Rd6 {[%emt 0:00:00][%cal Oh5h4] ...h4! would now be deadly.} 49. Kg2 Ra6 50. Re8 Kf6 ({Black should play} 50... Kg7 $19 51. Kf1 h4 52. gxh4 Kf6) 51. Rh8 $17 Ra2 {[%emt 0:00:00] Threatens to win with ...e3.} 52. Kf1 Ke5 {[%emt 0:00:48][%cal Oe4e3] ...e3! is the strong threat.} 53. Rxh5 {[%emt 0:00:16] [#]} e3 $1 {[%emt 0:00:01][%mdl 512] Black is more active.} 54. fxe3 Ke4 {[%emt 0:00:01][%cal Oe4f3] Strongly threatening ...Kf3!} 55. Rh6 Kf3 (55... Kxe3 $6 56. Rxe6+ Kf3 57. Kg1 $11) 56. Ke1 $2 (56. Kg1 $17) 56... e5 $19 (56... Kxe3 57. Rxe6+ Kf3 58. Rg6 $11) 57. Re6 e4 (57... Kxg3 58. Rxe5 Ra1+ 59. Ke2 $11) 58. Re5 Kxe3 59. Kf1 f4 {[%emt 0:04:40] Black mates.} 60. gxf4 Kf3 $1 61. Ke1 e3 (61... Kxf4 62. Rh5 $11) 62. Kd1 e2+ ({Weaker is} 62... Kxf4 63. Re8 $11) 63. Ke1 Ra1+ ({And not} 63... Kxf4 64. Rxe2 Ra1+ 65. Kd2 $11) 64. Kd2 Rd1+ {[%emt 0:00:05] Weighted Error Value: White=0.57/Black=0.15 (very precise) .  Loses game:     	White=2     	Black=1      Mistake:       	White=2     	Black=3      Inaccurate:     	White=2     	Black=2      OK:         	White=13    	Black=23     Best:        	White=3     	Black=5      Strong:       	White=2     	---} ({Inferior is} 64... Kxf4 65. Rxe2 Ra2+ 66. Kd1 $11) 0-1

[Event "Israel-ch Youth U8-18 2024"]
[Site "Kfar Saba"]
[Date "2024.04.16"]
[Round "1.6"]
[White "Menahem, Adi"]
[Black "Goz, Shachar"]
[Result "1-0"]
[ECO "D02"]
[WhiteElo "2112"]
[BlackElo "1794"]
[Annotator "NA RC"]
[PlyCount "153"]
[EventDate "2024.04.10"]
[EventType "swiss"]
[EventCountry "ISR"]
[SourceTitle "playchess.com"]
[Source "ChessBase"]
[SourceQuality "1"]
[TimeControl "5400+30"]

1. d4 d5 2. Bf4 Nf6 3. e3 e6 4. Nf3 Bd6 5. Ne5 O-O 6. Bd3 c5 7. c3 Nc6 {[%emt 0:01:06] D02: 1 d4 d5 2 Nf3 sidelines, including 2...Nf6 3 g3 and 2...Nf6 3 Bf4.} 8. Nd2 Ne7 9. Qf3 Ng6 10. Bxg6 fxg6 11. Qh3 Nh5 12. Bg3 Qc7 13. Ndf3 b6 14. Rd1 a5 15. Ng5 {[%emt 0:04:13] [#]} (15. O-O $11) 15... a4 ({Black should play} 15... cxd4 $1 $17 16. exd4 Rf5) 16. a3 {[%emt 0:07:23] [#]} (16. O-O $1 $11 {was the only way to keep the balance.}) 16... Rf5 (16... cxd4 $1 $17 17. exd4 Rf5) 17. f4 $2 {[%emt 0:09:41] [#]} (17. Nef3 $15) 17... Ra5 $2 (17... cxd4 $1 $19 18. exd4 Bxe5 (18... Nxf4 $2 {loses.} 19. Qxh7+ Kf8 20. Bxf4 $18) 19. dxe5 Qc4 (19... Nxf4 $2 20. Qxh7+ Kf8 21. Qh8+ Ke7 22. Qxg7+ Kd8 23. Qg8+ Ke7 24. O-O $18) (19... h6 20. Nf3 $17)) 18. Bf2 $2 {[%emt 0:02:58] [#]} (18. O-O $14) 18... Bxe5 $2 (18... cxd4 $1 $17 {and life is bright.} 19. cxd4 Ba6) 19. dxe5 h6 20. Nf3 Rb5 21. Rd2 $1 ({Reject} 21. g4 Nxf4 22. exf4 Rxf4 $11) 21... Rf8 22. g4 Nxf4 23. exf4 Rxf4 {[%emt 0:00:01] [#]} 24. O-O $1 Rb3 $2 (24... d4 $16 {was worth a try.}) 25. Bg3 Re4 (25... Rf7 $142 26. g5 h5) 26. Rdf2 Ba6 {[%emt 0:01:54] [#]} 27. Ng5 $1 Bxf1 ({Not} 27... hxg5 28. Rf8#) 28. Qxf1 Qd8 29. Nxe4 dxe4 30. Qe1 Qd3 31. Rd2 Qf3 32. Qe2 Qxe2 33. Rxe2 g5 34. Rxe4 Rxb2 35. Rxa4 Rb1+ 36. Kg2 Rc1 37. Ra8+ Kf7 38. Ra7+ Kg8 39. Rb7 Rxc3 40. Rxb6 Rxa3 41. Rxe6 c4 42. Rc6 c3 $18 43. e6 c2 44. Rxc2 Re3 45. Rc8+ Kh7 46. Rc6 Kg6 47. Kf2 Ra3 48. Be5 Ra2+ 49. Kf3 h5 50. e7+ Kf7 51. gxh5 g4+ 52. Kxg4 Kxe7 53. Rc7+ Ke6 54. Bxg7 Rxh2 55. Kg5 Rg2+ 56. Kh6 Rh2 57. Kg6 Rh3 58. h6 Rh1 59. Kh7 Rb1 60. Kg8 Rb8+ 61. Bf8 Rb1 62. h7 Rg1+ 63. Bg7 Rh1 64. h8=R Rb1 65. Rh6+ Kd5 66. Rf7 Ke4 67. Re6+ Kd5 68. Re5+ Kc4 69. Rc7+ Kd3 70. Rd5+ Ke4 71. Rd4+ Ke3 72. Rc3+ Ke2 73. Rh4 Rb8+ 74. Kh7 Rb7 75. Rh2+ Kd1 76. Rg3 Re7 77. Rg1+ 1-0

[Event "Israel-ch Youth U8-18 2024"]
[Site "Kfar Saba"]
[Date "2024.04.16"]
[Round "1.7"]
[White "Hanein, Avri"]
[Black "Zakin, Ilay"]
[Result "1-0"]
[ECO "B33"]
[WhiteElo "1755"]
[BlackElo "2178"]
[Annotator "RC"]
[PlyCount "141"]
[EventDate "2024.04.10"]
[EventType "swiss"]
[EventCountry "ISR"]
[SourceTitle "playchess.com"]
[Source "ChessBase"]
[SourceQuality "1"]
[TimeControl "5400+30"]

1. e4 c5 2. Nf3 Nc6 3. d4 cxd4 4. Nxd4 Nf6 5. Nc3 e5 6. Ndb5 d6 7. Bg5 a6 8. Na3 b5 9. Nd5 Be7 10. Bxf6 Bxf6 11. c3 O-O 12. Nc2 Rb8 13. Be2 Bg5 14. O-O Ne7 15. Ncb4 Bb7 16. a4 a5 17. Nxe7+ Bxe7 18. Nd5 bxa4 19. Bb5 Bg5 20. c4 f5 21. exf5 Rxf5 22. Qxa4 e4 23. Rae1 Re5 24. Re2 Kh8 25. Ne3 Qb6 26. Bd7 Rf8 27. Qa3 Ba6 28. Qc3 Qc5 29. b3 Re7 30. Bh3 Bf6 31. Qc2 Bb7 32. Rd1 Re5 33. g3 Bg5 34. Bg2 Bxe3 35. Rxe3 Rfe8 36. Qc3 h6 37. Qd4 Qa3 38. Qxd6 Qa2 39. Qd2 Qa3 40. Qc3 R5e7 41. Ra1 Qd6 42. Rxa5 Qd1+ 43. Re1 Qd3 44. Qxd3 exd3 45. Rxe7 Rxe7 46. Bxb7 d2 47. Bf3 Re1+ 48. Kg2 Rb1 49. Rd5 Rxb3 50. Rxd2 Rc3 51. Rd8+ Kh7 52. Be4+ g6 53. Rd7+ Kh8 54. Rc7 g5 55. c5 h5 56. h3 h4 57. g4 Kg8 58. c6 Kf8 59. Rb7 Rc4 60. c7 Ke8 61. Bf5 Kf8 62. c8=Q+ Rxc8 63. Bxc8 Kg8 64. Kf3 Kf8 65. Ke4 Kg8 66. Ke5 Kf8 67. Bf5 Ke8 68. Kd6 Kf8 69. Ke6 Kg8 70. Kf6 Kh8 71. Rb8# 1-0

[Event "Israel-ch Youth U8-18 2024"]
[Site "Kfar Saba"]
[Date "2024.04.16"]
[Round "1.8"]
[White "Shefer, Uri"]
[Black "Versano, Meitar"]
[Result "1-0"]
[ECO "A80"]
[WhiteElo "1991"]
[BlackElo "1678"]
[Annotator "NA RC"]
[PlyCount "90"]
[EventDate "2024.04.10"]
[EventType "swiss"]
[EventCountry "ISR"]
[SourceTitle "playchess.com"]
[Source "ChessBase"]
[SourceQuality "1"]
[TimeControl "5400+30"]

1. d4 f5 2. Bf4 Nf6 3. e3 g6 4. Be2 Bg7 5. h4 h6 6. c4 {[%emt 0:01:23] A80: Dutch Defence: Unusual White second moves.} d6 7. Nc3 O-O 8. Qb3 Nc6 9. Rd1 e6 10. c5 Qe7 (10... dxc5 $11 11. dxc5 Qe7) 11. cxd6 cxd6 12. Nf3 Nd8 ({Better is} 12... Re8 $14) 13. O-O (13. Qa3 $16) 13... Nf7 14. Qa3 Re8 15. Bb5 (15. Nb5 $14) 15... Bd7 16. Bxd7 Nxd7 (16... Qxd7 $11 17. Qb3 Rac8) 17. Rc1 ({Better is} 17. Nb5 $16) 17... a6 18. Qb3 b5 19. a4 bxa4 20. Qxa4 Nb6 21. Qa5 Rab8 22. Qxa6 e5 23. Bg3 e4 24. Nd2 Bf6 (24... Qd7 $16 {was worth a try.} 25. Ra1 Rb7) 25. Nc4 Nxc4 26. Nd5 ({Resist} 26. Qxc4 Bxh4 27. Nd5 Qd8 28. Bxh4 (28. Qc3 Bxg3 29. fxg3 h5 $18) 28... Qxh4) 26... Qd8 27. Rxc4 Bxh4 28. Bxh4 Qxh4 29. b4 Ra8 30. Qb6 Ra2 31. Rc7 Rea8 32. Qb7 Rf8 33. Nf4 Qf6 34. Re7 g5 35. Nd5 Qg6 36. Rxe4 fxe4 37. Ne7+ Kg7 38. Nxg6 Kxg6 39. Qxe4+ Kg7 40. Rc1 Rb2 $18 41. Rb1 Rxb1+ 42. Qxb1 Rb8 43. b5 Kf6 44. b6 d5 45. g4 Ra8 1-0

[Event "Israel-ch Youth U8-18 2024"]
[Site "Kfar Saba"]
[Date "2024.04.16"]
[Round "1.9"]
[White "Brenner, Bar"]
[Black "Gilor, Amit"]
[Result "1-0"]
[ECO "B45"]
[WhiteElo "1739"]
[BlackElo "1931"]
[Annotator "TA"]
[PlyCount "45"]
[EventDate "2024.04.10"]
[EventType "swiss"]
[EventCountry "ISR"]
[SourceTitle "playchess.com"]
[Source "ChessBase"]
[SourceQuality "1"]
[TimeControl "5400+30"]

1. e4 c5 2. Nf3 e6 3. d4 cxd4 4. Nxd4 Nf6 5. Nc3 Nc6 6. Ndb5 Bb4 7. Bg5 (7. a3 $14 Bxc3+ 8. Nxc3) 7... a6 (7... h6 $15 8. Nd6+ Ke7) 8. Nd6+ (8. a3 $1 $14 Bxc3+ 9. Nxc3) 8... Ke7 $11 9. Bf4 e5 {[%emt 0:03:25] Black is slightly better.} 10. Nf5+ Kf8 11. Bg5 d5 12. Bxf6 Qxf6 13. Qxd5 Bxf5 14. exf5 Rd8 15. Qf3 {[%emt 0:08:35] [#]} e4 {[%emt 0:04:45] Against Bd3} 16. Qe3 Qxf5 {[%emt 0:02:26] Hoping for ...Bc5.} 17. Be2 Bc5 (17... h5 {simplifies} 18. O-O Re8 19. Na4 b5) 18. Qg3 {[%emt 0:01:05] [#]} (18. Bg4 $1 $11 Bxe3 (18... Qxg4 19. Qxc5+ Kg8 20. O-O $14) 19. Bxf5 Bd2+ 20. Ke2 Nd4+ 21. Kxd2 Nxf5+ 22. Kc1) 18... e3 19. fxe3 $15 Qxc2 (19... Nb4 $15 {stays ahead.} 20. Bd3 Qe6 (20... Nxd3+ 21. cxd3 Rxd3 22. Rf1 $15) (20... Nxc2+ 21. Bxc2 Qxc2 22. O-O $14)) 20. O-O $16 {[%emt 0:01:34] aiming for Qc7.} Re8 $2 {[%emt 0:02:33][%mdl 8192] [#]} (20... Qd2 $14) 21. Rxf7+ $3 {[%emt 0:02:59][%mdl 512] White mates.} Kxf7 22. Rf1+ (22. Bc4+ Re6 $16 (22... Ke7 23. Qc7+ Kf6 24. Rf1+ Kg5 25. Qg3+ Kh5 26. Be2+)) 22... Ke6 23. Bg4+ {[%emt 0:14:25] Weighted Error Value: White=0.23 (precise) /Black=0.63.  Loses game:     	---       	Black=1      Mistake:       	White=2     	Black=2      Inaccurate:     	White=1     	---        OK:         	White=5     	Black=5      Best:        	White=2     	Black=4      Brilliant:      	White=1     	---} (23. Qxg7 Bxe3+ (23... Qxb2 24. Rf6+ Ke5 25. Qg5#) 24. Kh1 Rhf8 (24... Qxb2 25. Rf6+ Ke5 26. Rxc6+ Kf5 27. Qf6#) 25. Bg4+ (25. Rxf8 Rxf8 26. Qxf8 Qc1+ 27. Nd1 Bg5 $18) 25... Kd6 26. Rxf8 Qc1+ 27. Nd1 Re6 $18 (27... Rxf8 $2 28. Qxf8+ Kc7 29. Qf7+ Kb8 30. Qe8+ Kc7 31. Qxe3 $18)) 1-0

[Event "Israel-ch Youth U8-18 2024"]
[Site "Kfar Saba"]
[Date "2024.04.16"]
[Round "1.10"]
[White "Bedyovkin, Nataniel Alexey"]
[Black "Shilon Rahav, Eliran"]
[Result "0-1"]
[ECO "A90"]
[WhiteElo "1562"]
[BlackElo "2116"]
[Annotator "NA RC"]
[PlyCount "98"]
[EventDate "2024.04.10"]
[EventType "swiss"]
[EventCountry "ISR"]
[SourceTitle "playchess.com"]
[Source "ChessBase"]
[SourceQuality "1"]
[TimeControl "5400+30"]

1. d4 d5 2. c4 e6 3. Nf3 c6 4. g3 f5 5. Bg2 Nf6 6. O-O Bd6 7. b3 Qe7 8. Bb2 O-O 9. Nbd2 b6 10. Ne5 Bb7 11. Nd3 Nbd7 {[%emt 0:01:08] A90: Dutch Defence: Miscellaneous and Modern Stonewall (with ...Bd6).} 12. Nf3 Rac8 13. Nfe5 Rfd8 14. Qc2 c5 15. dxc5 Nxc5 16. Rac1 dxc4 17. bxc4 Bxg2 18. Kxg2 b5 19. h4 (19. Rfd1 $11 {keeps the balance.} Nxd3 20. exd3) 19... Na4 (19... a6 $15) 20. Ba1 Ne4 21. Rfd1 (21. Qb3 $1 $11 Bxe5 22. Bxe5 bxc4 (22... Nac5 23. Qxb5 Nxd3 24. exd3 $11) 23. Rxc4 (23. Qxa4 cxd3 24. exd3 Nd2 $14)) 21... Nb6 $1 22. f3 $2 (22. c5 $1 $15 Nxc5 (22... Bxc5 23. Qb3 $14) 23. Nxc5 Bxc5 (23... Rxc5 $2 {too greedy.} 24. Nc6 $18) 24. Qb3 Rxd1 25. Rxd1) 22... Nxc4 (22... Nxg3 $19 23. c5 (23. Kxg3 $2 {perishes.} Rxc4 24. Qd2 Rxh4 $19) 23... Qxh4) 23. Nxc4 Rxc4 24. Qb2 Ba3 25. Qxb5 Rxc1 26. Rxc1 Nd6 27. Qb3 Bxc1 28. Nxc1 Nf7 29. Nd3 Qd6 30. Qa4 a6 31. Qc4 Qd5 32. Qa4 $19 e5 33. Nf2 (33. Qc2 {was necessary.}) 33... Qb5 34. Qc2 Nd6 35. Kh2 Qc4 36. Qb2 Nf7 37. Nd3 Qb5 38. Qc3 a5 39. f4 Nh6 40. fxe5 Ng4+ 41. Kh3 Qb7 42. Qe1 Qe4 43. Qf1 h5 44. a3 Ne3 45. Qg1 Qg4+ 46. Kh2 Qxe2+ 47. Nf2 Rd1 48. Qxd1 Qxf2+ 49. Kh1 Qg2# 0-1

[Event "Israel-ch Youth U8-18 2024"]
[Site "Kfar Saba"]
[Date "2024.04.16"]
[Round "1.11"]
[White "Vardi, Daniel"]
[Black "Ben Avi, Adam"]
[Result "1-0"]
[ECO "C10"]
[WhiteElo "1937"]
[BlackElo "1595"]
[Annotator "TA"]
[PlyCount "54"]
[EventDate "2024.04.10"]
[EventType "swiss"]
[EventCountry "ISR"]
[SourceTitle "playchess.com"]
[Source "ChessBase"]
[SourceQuality "1"]
[TimeControl "5400+30"]

1. e4 e6 2. d4 d5 3. Nd2 dxe4 4. Nxe4 Nd7 5. Nf3 Ngf6 6. Nxf6+ Nxf6 7. Bd3 c5 8. c3 Qc7 9. O-O Bd6 10. Bg5 Nd5 {[%emt 0:05:39] White has an edge.} 11. Bb5+ Bd7 12. Bxd7+ Qxd7 13. dxc5 Bc7 (13... Bxc5 $14 14. Ne5 Qc7 15. Qa4+ Kf8 16. Nd7+ Kg8) 14. c4 $36 {[%emt 0:02:21][%cal Bc3c4,Bc4d5,Bd5d6,Bd6d7][%mdl 2080] Black is under strong pressure.} h6 $2 (14... Nb4 $16 15. Qxd7+ Kxd7 16. Rfd1+ Kc8) 15. cxd5 $18 hxg5 16. d6 {[%emt 0:00:05][%cal Of3e5] [#] Threatens to win with Ne5!} Bb8 (16... Bd8 {keeps fighting.} 17. Ne5 Qb5 18. d7+ Kf8 19. Qd6+ Kg8) 17. Ne5 Qb5 18. Rc1 f6 19. d7+ Kd8 20. Nf7+ Ke7 21. Nxh8 {[%emt 0:00:18][%cal Rd7d8] [#]} Bxh2+ 22. Kxh2 {[%emt 0:00:02] White threatens Qd6+ and mate.} Rxh8+ 23. Kg1 {[%emt 0:00:05] Hoping for Qd6+.} Qa5 24. Qd6+ Kf7 25. c6 {[%emt 0:00:36][%cal Bc5c6,Bc6c7][%mdl 32] c7 would kill now.} Qb6 26. Rfd1 Rd8 27. c7 Rh8 {[%emt 0:00:54] Black did not feel at home in the position after the opening.   Weighted Error Value: White=0.07 (flawless) /Black=1.09.  Loses game:     	---       	Black=1      Mistake:       	---       	Black=2      Inaccurate:     	White=1     	Black=3      OK:         	White=5     	Black=2      Best:        	White=2     	Black=2} 1-0

[Event "Israel-ch Youth U8-18 2024"]
[Site "Kfar Saba"]
[Date "2024.04.16"]
[Round "1.12"]
[White "Bar-Lavi, Yonatan"]
[Black "Gurevich, Neria"]
[Result "0-1"]
[ECO "B38"]
[WhiteElo "1562"]
[BlackElo "1844"]
[Annotator "NA RC"]
[PlyCount "62"]
[EventDate "2024.04.10"]
[EventType "swiss"]
[EventCountry "ISR"]
[SourceTitle "playchess.com"]
[Source "ChessBase"]
[SourceQuality "1"]
[TimeControl "5400+30"]

1. d4 Nf6 2. c4 g6 3. Nc3 Bg7 4. e4 d6 5. Nf3 O-O 6. Be2 c5 7. O-O cxd4 8. Nxd4 Nc6 9. Be3 Bd7 10. f3 {[%emt 0:00:48] 10.h3 is the modern continuation.} Nxd4 11. Bxd4 Bc6 12. Nd5 {[%emt 0:02:03] B38: Sicilian: Maroczy Bind with 5...Bg7 and 7...0-0.} Nd7 13. Bxg7 Kxg7 14. Qd2 a5 15. b3 Rc8 $146 ({Predecessor:} 15... Bxd5 16. exd5 Qb6+ 17. Kh1 Qb4 18. Qb2+ Kg8 19. a3 Qb6 20. f4 Rfe8 21. Bd3 e5 22. dxe6 Rxe6 {1-0 Moosavifar,S (2283)-Heinechen,J (2169) Titled Tuesday intern op 16th Jan Early blitz 2024 (4)}) 16. Kh1 Bxd5 17. exd5 Qb6 18. Bd1 Nf6 19. Re1 Rfe8 20. Bc2 Rc7 (20... Qb4 $142 21. Qd1 b5) 21. Re2 Qc5 22. Rae1 {[%emt 0:01:47] [#]} (22. a4 $11) 22... a4 $1 23. h3 (23. bxa4 Qxc4 24. Bb3 Qc3 $16) (23. g4 $11) 23... axb3 24. axb3 b5 25. Bd3 Nh5 26. Kh2 ({Of course not} 26. cxb5 Ng3+ (26... Qxd5 27. Qb2+ e5 28. Bc4 $11) 27. Kh2 Nxe2 28. Bxe2 Qc3 29. Qxc3+ Rxc3 $17) 26... Nf6 27. Kh1 Qd4 $1 $15 28. Re3 $17 {[%emt 0:09:33] [#]} (28. Kh2 $15) 28... bxc4 $1 29. bxc4 Rxc4 30. Re4 $2 (30. Rxe7 $17 {is tougher.} Rxe7 31. Rxe7) 30... Nxe4 31. Rxe4 Qc3 ({Weaker is} 31... Qxd5 32. Rxc4 Qe6 33. Rh4 $18) 0-1